 Dungeon Crawl Stone Soup version 0.24.0-13-gcf9b319 (webtiles) character file.

Game seed: 17708879750310347924, levelgen mode: deterministic

13017 warborn304 the Cruncher (level 11, -9/102 HPs)
             Began as a Minotaur Berserker on Dec 25, 2019.
             Was a High Priest of Trog.
             Hit by a large rock thrown by a cyclops (36 damage)
             ... on level 11 of the Dungeon on Dec 26, 2019.
             The game lasted 00:22:36 (9775 turns).

warborn304 the Cruncher (Minotaur Berserker)        Turns: 9775, Time: 00:22:38

Health: -9/102     AC: 10    Str: 22    XL:     11   Next: 70%
Magic:  10/10      EV: 15    Int:  3    God:    Trog [*****.]
Gold:   865        SH:  0    Dex: 13    Spells: 10/10 levels left

rFire    . . .     SeeInvis .   C - +7 lajatang of Order {silver, rMut}
rCold    . . .     Gourm    .   (shield currently unavailable)
rNeg     + . .     Faith    .   x - +0 swamp dragon scales
rPois    +         Spirit   .   (helmet restricted)
rElec    .         Reflect  .   D - +2 ratskin cloak {+Rats rPois rN+ Str-1 Int-1 Dex+1}
rCorr    .         Harm     .   h - +0 pair of gloves
rMut     +                      (no boots)
MR       .....                  (no amulet)
Stlth    ++........             (no ring)
HPRegen  0.27/turn              (no ring)
MPRegen  0.12/turn

@: corroded
A: retaliatory headbutt, horns 2
a: Berserk, Trog's Hand, Brothers in Arms, Renounce Religion, Evoke Ratskin


You were on level 11 of the Dungeon.
You worshipped Trog.
Trog was extremely pleased with you.
You were hungry.

You visited 1 branch of the dungeon, and saw 11 of its levels.

You collected 865 gold pieces.

Inventory:

Hand Weapons
 a - a +0 mace
 m - a +4 quarterstaff of chaos
 o - a +3 antimagic quarterstaff
 r - a +3 mace of holy wrath
 C - the +7 lajatang of Order (weapon) {silver, rMut}
   (You found it on level 6 of the Dungeon)

   It protects you from mutation.
 M - a +1 antimagic mace
Missiles
 O - 4 boomerangs (quivered)
Armour
 h - a +0 pair of gloves (worn)
 q - a +0 cloak of invisibility
 t - a +0 plate armour
 x - +0 swamp dragon scales (worn)
 D - the +2 ratskin cloak (worn) {+Rats rPois rN+ Str-1 Int-1 Dex+1}
   (You found it on level 6 of the Dungeon)

   It affects your strength (-1).
   It affects your intelligence (-1).
   It affects your dexterity (+1).
   It protects you from poison.
   It protects you from negative energy.
Wands
 y - a wand of paralysis (11)
 B - a wand of flame (20)
 H - a wand of iceblast (8)
 L - a wand of random effects (24)
Scrolls
 g - 7 scrolls of teleportation
 j - 2 scrolls of enchant weapon
 u - a scroll of fear
 v - 2 scrolls of amnesia
 A - 2 scrolls of blinking
 E - 2 scrolls of immolation
 F - a scroll of magic mapping
 J - a scroll of silence
 P - a scroll of identify
Potions
 b - a potion of resistance {unknown}
 d - a potion of mutation {unknown}
 e - 2 potions of flight
 f - 3 potions of agility
 i - 3 potions of curing {unknown}
 k - a potion of ambrosia {unknown}
 l - 3 potions of might
 n - a potion of invisibility {unknown}
 p - 3 potions of cancellation {unknown}
 s - 3 potions of haste {unknown}
 w - 2 potions of lignification {unknown}
 z - 2 potions of brilliance {unknown}
 G - a potion of heal wounds {unknown}
 K - 2 potions of degeneration {unknown}
 N - a potion of magic {unknown}
Comestibles
 c - 24 rations
 I - 2 chunks of flesh


   Skills:
 + Level 11.0 Fighting
 - Level 5.0(10.9) Maces & Flails
 + Level 14.5(14.8) Staves
 + Level 0.2 Throwing
 + Level 8.2 Armour
 + Level 7.6 Dodging
 + Level 4.0 Stealth


You had 10 spell levels left.
You didn't know any spells.
Your spell library was empty.

Dungeon Overview and Level Annotations

Branches:
Dungeon (11/15)            Temple (0/1) D:6             Orc (0/2) D:10
   Lair: D:8-11

Altars:
Ashenzari
Dithmenos
Kikubaaqudgha
Makhleb
Qazlal
Ru

Shops:
D:7 !   D:9 *


Innate Abilities, Weirdness & Mutations

You reflexively headbutt those who attack you in melee.
You have a pair of horns on your head.


Message History

You are too injured to fight recklessly!
You are too injured to fight recklessly!
Your troll goes berserk!
You are feeling hungry.
The boggart casts a spell.
The cyclops throws a large rock.
The large rock hits you!!
* * * LOW HITPOINT WARNING * * *
The acid dragon barely misses you. You furiously retaliate!
You headbutt the acid dragon. The acid dragon claws you.
* * * LOW HITPOINT WARNING * * *
A cyclops opens the gate.
A cyclops comes into view.
Your ogre goes berserk!
You feel quite a bit more hungry.
The cyclops shouts!
The acid dragon bites you.
* * * LOW HITPOINT WARNING * * *
The acid dragon claws you but does no damage.
The cyclops throws a large rock.
The large rock hits you!!!
You die...

.### #...#..
...##....'.. .....
...#.o..'CC .. #....#
#>.#PC..'.
..##....###.......#
...........O.....#
.............T...###
#....##.#.@D......
#####....##.#...C.....
..................Z...
............(....g....
...###..##+##.........
...####'##..#.........
........#...........!.
........'.............
##..###'##..#........


You could see an ettin, 3 cyclopes, an acid dragon, a boggart, an orc, a hound
zombie, a friendly troll (berserk) and a friendly ogre (berserk).

Vanquished Creatures
  An ogre mage (D:11)
  A hydra (D:9)
  Erica (D:10)
  A two-headed ogre (D:8)
  Nergalle (D:10)
  Pikel (D:5)
  A cyclops (D:11)
  Maurice (D:11)
  A troll (D:10)
  2 dream sheep (D:9)
  3 hippogriffs
  6 yaks
  A wyvern (D:9)
  Sigmund (D:5)
  Edmund (D:5)
  Duvessa (D:6)
  2 slaves (D:5)
  A black bear (D:7)
  5 orc warriors
  An eye of draining (D:10)
  6 sky beasts
  5 ice beasts
  5 ogres
  4 phantoms
  2 centaurs
  A crocodile (D:9)
  4 big kobolds (D:9)
  9 bullfrogs
  Dowan (D:6)
  A scorpion (D:8)
  13 killer bees
  5 wights (D:8)
  2 howler monkeys
  A jelly (D:8)
  A centaur zombie (D:9)
  3 crimson imps
  A quasit (D:8)
  7 hounds
  Crazy Yiuf (D:2)
  2 orc priests
  2 bullfrog skeletons
  17 orc wizards
  6 iguanas
  A hell rat (D:6)
  6 worker ants
  A worker ant zombie (D:6)
  6 gnolls
  6 river rats (D:6)
  10 adders
  2 shadow imps
  An ooze (D:2)
  An adder skeleton (D:6)
  A worm (D:2)
  2 dart slugs (D:1)
  6 leopard geckos
  57 orcs
  3 ball pythons
  9 giant cockroaches
  11 hobgoblins
  9 jackals
  12 kobolds
  4 quokkas
  6 bats
  11 frilled lizards
  7 goblins
  A leopard gecko skeleton (D:4)
  2 quokka zombies
  25 rats
332 creatures vanquished.

Vanquished Creatures (collateral kills)
  An orc (D:6)
1 creature vanquished.

Grand Total: 333 creatures vanquished

Notes
Turn   | Place    | Note
-------+----------+-------------------------------------------
     0 | D:1      | warborn304 the Minotaur Berserker began the quest for the
                  | Orb.
     0 | D:1      | Reached XP level 1. HP: 19/19 MP: 0/0
    71 | D:1      | Reached XP level 2. HP: 16/27 MP: 1/1
   617 | D:1      | Reached ** piety under Trog
   651 | D:1      | Reached XP level 3. HP: 32/33 MP: 2/2
  1188 | D:2      | Reached XP level 4. HP: 25/41 MP: 3/3
  1278 | D:2      | Found a runed translucent door.
  1279 | D:2      | Noticed Crazy Yiuf
  1504 | D:2      | Killed Crazy Yiuf
  1504 | D:2      | Reached skill level 5 in Maces & Flails
  1925 | D:3      | Reached XP level 5. HP: 41/47 MP: 4/4
  2068 | D:3      | Found a sacrificial altar of Ru.
  2125 | D:3      | Reached *** piety under Trog
  2135 | D:3      | Noticed a phantom
  2146 | D:3      | Killed a phantom
  2146 | D:3      | Reached skill level 5 in Fighting
  2146 | D:3      | Reached skill level 1 in Staves
  2161 | D:3      | Reached skill level 2 in Staves
  2199 | D:3      | Reached skill level 1 in Stealth
  2199 | D:3      | Reached XP level 6. HP: 50/56 MP: 5/5
  2710 | D:4      | Reached skill level 3 in Staves
  3221 | D:5      | Entered Level 5 of the Dungeon
  3225 | D:5      | Reached skill level 4 in Staves
  3267 | D:5      | Noticed Sigmund
  3282 | D:5      | Killed Sigmund
  3282 | D:5      | Reached skill level 5 in Staves
  3282 | D:5      | Reached XP level 7. HP: 40/61 MP: 6/6
  3517 | D:5      | Noticed Pikel
  3537 | D:5      | Killed Pikel
  3537 | D:5      | Reached skill level 7 in Staves
  3537 | D:5      | Reached XP level 8. HP: 58/70 MP: 7/7
  3657 | D:5      | Reached **** piety under Trog
  3764 | D:5      | Noticed Edmund
  3773 | D:5      | Killed Edmund
  3773 | D:5      | Reached skill level 8 in Staves
  4131 | D:6      | Found a stormy altar of Qazlal.
  4149 | D:6      | Found a shadowy altar of Dithmenos.
  4272 | D:6      | Reached skill level 5 in Armour
  4382 | D:6      | Reached skill level 9 in Staves
  4720 | D:6      | Found a staircase to the Ecumenical Temple.
  4732 | D:6      | Reached XP level 9. HP: 68/79 MP: 8/8
  4822 | D:6      | Noticed Dowan
  4827 | D:6      | Noticed Duvessa
  4834 | D:6      | Killed Dowan
  4839 | D:6      | Killed Duvessa
  4839 | D:6      | Reached skill level 5 in Dodging
  4856 | D:6      | Found the +7 lajatang of Order {silver, rMut}
  4966 | D:6      | Found the +2 ratskin cloak {+Rats rPois rN+ Str-1 Int-1
                  | Dex+1}
  4966 | D:6      | Reached ***** piety under Trog
  4973 | D:6      | Reached skill level 10 in Staves
  5204 | D:7      | Found a burning altar of Makhleb.
  5684 | D:7      | Found an ancient bone altar of Kikubaaqudgha.
  5735 | D:7      | Reached skill level 11 in Staves
  5806 | D:7      | Found Othril's Distillery.
  6190 | D:8      | Noticed a two-headed ogre
  6194 | D:8      | Killed a two-headed ogre
  6194 | D:8      | Reached XP level 10. HP: 90/90 MP: 9/9
  6316 | D:8      | Reached skill level 12 in Staves
  6773 | D:8      | Received a gift from Trog
  7272 | D:9      | Found a shattered altar of Ashenzari.
  7568 | D:9      | Reached skill level 13 in Staves
  7611 | D:9      | Noticed a three-headed hydra
  7618 | D:9      | Killed a six-headed hydra
  7994 | D:9      | Reached XP level 11. HP: 99/99 MP: 10/10
  8023 | D:9      | Found Turav's General Store.
  8244 | D:10     | Entered Level 10 of the Dungeon
  8316 | D:10     | Noticed Erica
  8322 | D:10     | Killed Erica
  8322 | D:10     | Reached skill level 10 in Fighting
  8609 | D:10     | Noticed Nergalle
  8619 | D:10     | Killed Nergalle
  8634 | D:10     | Reached skill level 14 in Staves
  9054 | D:10     | Received a gift from Trog
  9293 | D:10     | Found a staircase to the Orcish Mines.
  9531 | D:11     | Noticed Maurice
  9633 | D:11     | Killed Maurice
  9718 | D:11     | Noticed an ogre mage
  9727 | D:11     | Killed an ogre mage
  9771 | D:11     | Noticed an ettin
  9775 | D:11     | Hit by a large rock thrown by a cyclops

Levels and vault maps discovered:
D:1:      lightli_arrival_lavapool, layout_basic, hangedman_decor_lopped
D:2:      layout_basic, first_ration, uniq_crazy_yiuf_cottage
D:3:      layout_basic, nicolae_ru_path_of_blood
D:4:      layout_loops_ring
D:5:      layout_basic, st_stairs_6, uniq_pikel, uniq_edmund, uniq_sigmund
D:6:      wander_guarded_unrand_ratskin, layout_basic,
          minmay_temple_entry_glass, basic_altar, minivault_22,
          grunt_dithmenos_smoke_and_mirrors, uniq_duvessa
D:7:      layout_gridville, kiku_gazebo_pond_becter,
          nicolae_overflow_crystal_walls, serial_shops, shop_fountains
D:8:      layout_basic
D:9:      layout_basic, old_standard_altar, serial_shops, kennysheep_mini_moat,
          hangedman_ranch [blue_anna_fruit_fields]
D:10:     layout_grid_maze, hiddenorc1_lemuel, kennysheep_generic_room_9,
          uniq_nergalle, uniq_erica
D:11:     giant_chief_lemuel, layout_gridville, lair_entry_dummy,
          kennysheep_generic_room_6, uniq_snorg, uniq_maurice

Skill      XL: |  1  2  3  4  5  6  7  8  9 10 11 |
---------------+----------------------------------+-----
Maces & Flails | 4 5 |  5.0
Fighting       | 4 5 6 7 8 9 11 | 11.0
Dodging        | 3 4 5 6 7 |  7.6
Staves         | 2 5 7 9 11 13 14 | 14.5
Armour         | 3 4 5 6 7 8 |  8.2
Stealth        | 1 2 3 4 |  4.0
Throwing       | |  0.2

Action                   |  1- 3 |  4- 6 |  7- 9 | 10-12 || total
-------------------------+-------+-------+-------+-------++-------
Melee: Mace              |    85 |     8 |       |       ||    93
       Headbutt          |    12 |    18 |    47 |    35 ||   112
       Quarterstaff      |       |    92 |   155 |       ||   247
       Lajatang          |       |       |    94 |   250 ||   344
Throw: Boomerang         |       |       |       |     2 ||     2
Invok: Berserk           |     1 |     1 |       |     2 ||     4
       Brothers in Arms  |       |       |       |     2 ||     2
  Use: Scroll            |       |       |       |    11 ||    11
 Stab: Paralysed         |       |     1 |       |       ||     1
       Petrified         |       |       |     3 |       ||     3
       Sleeping          |       |       |     2 |     3 ||     5
       Confused          |       |       |     1 |       ||     1
  Eat: Chunk             |     2 |     7 |     2 |    10 ||    21
       Ration            |       |       |     2 |     1 ||     3
Armor: Animal skin       |     7 |       |       |       ||     7
       Leather armour    |     6 |     6 |       |       ||    12
       Ring mail         |       |    23 |    21 |       ||    44
       Swamp dragon scal |       |       |    99 |    94 ||   193
Dodge: Dodged            |    49 |    63 |   140 |   180 ||   432
